 Dungeon Crawl Stone Soup version 0.17-a0-1311-gbcbd859 (webtiles) character file.

21609 Kidiri the Covert (level 12, -4/63 HPs)
             Began as a Spriggan Enchanter on June 8, 2015.
             Was a Priest of Dithmenos.
             Slain by an eight-headed hydra (17 damage)
             ... on level 6 of the Lair of Beasts.
             The game lasted 02:15:29 (20181 turns).

Kidiri the Covert (Spriggan Enchanter)             Turns: 20181, Time: 02:15:29

Health: -4/63      AC:  8    Str:  6    XL:     12   Next: 55%
Magic:  17/26      EV: 31    Int: 22    God:    Dithmenos [***...]
Gold:   736        SH:  0    Dex: 23    Spells: 8 memorised, 3 levels left

rFire  + . .     SeeInvis +     a - +2 dagger (drain)
rCold  + . .     Clarity  .     b - +2 robe
rNeg   + . .     SustAt   .     (shield restricted)
rPois  +         Gourm    .     M - -2 hat of the Alchemist {rElec rPois rF+ rC+ rN+ MR+ rMut rCorr}
rElec  +         Spirit   .     g - +1 cloak
rCorr  +         Warding  .     (gloves unavailable)
rMut   +         Stasis   .     (boots unavailable)
MR     +++..                    (no amulet)
Stlth  +++++++++.               q - +2 ring of dexterity
                                P - +3 ring of dexterity

@: wreathed by umbra, very quick, extremely resistant to hostile enchantments,
incredibly stealthy
A: unfitting armour, fangs 1, iridescent scales 1, see invisible, clever 1,
herbivore 3, speed 3, high mp 1, robust 1, slow metabolism 2, spit poison 1,
strong 1
a: Spit Poison, Shadow Step, Renounce Religion


You were on level 6 of the Lair of Beasts.
You worshipped Dithmenos.
Dithmenos was most pleased with you.
You were not hungry.

You visited 3 branches of the dungeon, and saw 15 of its levels.
You also visited: Labyrinth, Sewer and Ossuary.

You collected 736 gold pieces.

Inventory:

Hand weapons
 a - a +2 dagger of draining (weapon)
 m - a +0 short sword of freezing
 A - a +0 blowgun
 C - a +3 short sword
Missiles
 n - 9 needles of confusion
 B - 4 curare-tipped needles
 I - 32 poisoned needles
Armour
 b - a +2 robe (worn)
 g - a +1 cloak (worn)
 M - the -2 hat of the Alchemist (worn) {rElec rPois rF+ rC+ rN+ MR+ rMut rCorr}
   (You found it on level 3 of the Lair of Beasts)

   It protects you from fire.
   It protects you from cold.
   It insulates you from electricity.
   It protects you from poison.
   It protects you from negative energy.
   It affects your resistance to hostile enchantments.
   It protects you from acid and corrosion.
   It protects you from mutation.
Jewellery
 e - an uncursed ring of flight
 q - a +2 ring of dexterity (right hand)
 z - an uncursed ring of poison resistance
 N - an uncursed ring of fire
 P - a +3 ring of dexterity (left hand)
 U - the ring "Lelukyps" {rElec Str+5 SInv}
   (You found it in a labyrinth)

   [ring of strength]

   It affects your strength (+5).
   It insulates you from electricity.
   It lets you see invisible.
Magical devices
 t - a wand of cold (6)
 G - a wand of slowing (27)
 H - a wand of slowing (28)
 L - a wand of lightning (6)
 O - a wand of disintegration (9)
 Q - a wand of confusion (24)
 R - a wand of magic darts (25)
 T - a wand of disintegration (6)
Scrolls
 l - 4 scrolls of amnesia
 p - 3 scrolls of remove curse
 r - a scroll of recharging
 u - a scroll of teleportation
 E - 2 scrolls of magic mapping
 J - a scroll of fog
Potions
 f - a potion of invisibility
 h - 2 potions of brilliance
 i - a potion of lignification
 j - 7 potions of curing
 o - a potion of magic
 s - 5 potions of might
 v - 2 potions of berserk rage
 w - 3 potions of heal wounds
 x - a potion of haste
 D - a potion of resistance
 K - a potion of agility
Books
 c - a book of Maledictions

   Spells                             Type                      Level
   a - Corona                         Hexes                        1
   b - Ensorcelled Hibernation        Hexes/Ice                    2
   c - Confuse                        Hexes                        3
   d - Tukima's Dance                 Hexes                        3
   e - Dazzling Spray                 Conjuration/Hexes            3
 k - a book of Transfigurations

   Spells                             Type                      Level
   a - Stoneskin                      Transmutation/Earth          2
   b - Irradiate                      Conjuration/Transmutation    5
   c - Statue Form                    Transmutation/Earth          6
   d - Hydra Form                     Transmutation                6
   e - Dragon Form                    Transmutation                7
 y - a book of Alchemy

   Spells                             Type                      Level
   a - Sublimation of Blood           Necromancy                   2
   b - Ignite Poison                  Fire/Transmutation/Poison    3
   c - Alistair's Intoxication        Transmutation/Poison         4
   d - Condensation Shield            Ice                          4
   e - Petrify                        Transmutation/Earth          4
   f - Irradiate                      Conjuration/Transmutation    5
 S - a book of Cantrips

   Spells                             Type                      Level
   a - Corona                         Hexes                        1
   b - Animate Skeleton               Necromancy                   1
   c - Summon Small Mammal            Summoning                    1
   d - Apportation                    Translocation                1
Miscellaneous
 F - a crystal ball of energy
 Z - a phantom mirror
Comestibles
 d - 10 bread rations


   Skills:
 + Level 4.4 Fighting
 * Level 8.7 Short Blades
 + Level 4.3 Throwing
 * Level 11.3 Dodging
 * Level 12.4 Stealth
 + Level 7.3 Spellcasting
 + Level 3.2 Conjurations
 + Level 7.5 Hexes
 + Level 3.4 Necromancy
 + Level 5.5 Transmutations
 + Level 4.3 Ice Magic
 + Level 4.0 Poison Magic
 + Level 4.8 Invocations
 + Level 7.2 Evocations


You had 3 spell levels left.
You knew the following spells:

 Your Spells              Type           Power        Failure   Level  Hunger
a - Corona                Hex            #####..      1%          1    None
b - Ensorcelled Hibernat  Hex/Ice        ####..       1%          2    None
c - Confuse               Hex            #####...     1%          3    None
d - Tukima's Dance        Hex            #####...     1%          3    None
e - Dazzling Spray        Conj/Hex       ####....     2%          3    None
f - Alistair's Intoxicat  Trmt/Pois      ####....     12%         4    ###....
g - Sublimation of Blood  Necr           ###.......   3%          2    None
h - Condensation Shield   Ice            ####......   14%         4    ###....


Dungeon Overview and Level Annotations

Branches:
Dungeon (8/15)             Temple (1/1) D:4            Lair (6/8) D:8
 Spider (0/4) Lair:3
  Swamp: Lair:3-6    Shoals: Lair:3-6     Slime: Lair:6-8

Altars:
Ashenzari
Cheibriados
Dithmenos
Elyvilon
Kikubaaqudgha
Makhleb
Nemelex Xobeh
Okawaru
Qazlal
Ru
Sif Muna
Trog
Vehumet
Xom
Yredelemnul
The Shining One

Annotations:
D:6 Grinder
Lair:2 exclusion: oklob plant


Innate Abilities, Weirdness & Mutations

You are tiny and cannot use many weapons and most armour.
You have supernaturally acute eyesight.
You are a herbivore.
You cover ground extremely quickly.
You need consume almost no food.
You have very sharp teeth.
You are partially covered in iridescent scales (AC +4).
Your mind is acute. (Int +2)
You have an increased reservoir of magic (+10% MP).
You are robust (+10% HP).
You can spit weak poison.
Your muscles are strong. (Str +2)


Message History

The eight-headed hydra closely misses you.
The eight-headed hydra bites you.
You hit the eight-headed hydra. You bite the eight-headed hydra.
The eight-headed hydra is lightly wounded.
The eight-headed hydra completely misses you. x2
The eight-headed hydra bites you!
The eight-headed hydra barely misses you.
The eight-headed hydra completely misses you. x2
The eight-headed hydra bites you but does no damage.
The eight-headed hydra bites you.
You hit the eight-headed hydra.
The eight-headed hydra is lightly wounded.
The eight-headed hydra closely misses you.
The eight-headed hydra barely misses you.
The eight-headed hydra completely misses you.
The eight-headed hydra bites you!
* * * LOW HITPOINT WARNING * * *
The eight-headed hydra completely misses you. x2
The eight-headed hydra misses you. The eight-headed hydra bites you!
You die...

### #..## ....#
#..P# P)..##
#....# ##)..#
#.D..# #P@..#
###..##
#.....##
##......##
#.......P##
###......<#
#..............
######.##.#...#
### ## ##


You could see an eight-headed hydra.

Vanquished Creatures
  Gastronok (Lair:2)
  A minotaur (Lab)
  2 hydras
  Urug (Lair:4)
  2 griffons (Lair:3)
  4 elephants (Lair:5)
  5 spiny frogs
  A komodo dragon (Lair:1)
  2 wandering mushrooms (Lab)
  A polar bear (Lair:5)
  9 blink frogs
  4 trapdoor spiders (Lair:3)
  Sigmund (D:3)
  4 basilisks
  A spriggan (D:7)
  15 yaks
  The ghost of Baka the Shield-Bearer, an average DsFi (D:4)
  Menkaure (D:6)
  A hippogriff (Lair:4)
  14 wolves
  7 water moccasins
  5 porcupines
  5 sky beasts
  2 orc warriors
  A phantom (D:5)
  6 crocodiles
  4 ogres
  A brain worm (Lair:4)
  5 giant frogs
  2 scorpions
  5 wights (D:8)
  A crimson imp (D:8)
  2 vampire bats (D:2)
  2 centaur zombies
  A giant frog zombie (D:6)
  8 hounds
  A quasit (D:6)
  4 orc priests
  A human zombie (Ossuary)
  4 orc wizards
  A jelly (D:8)
  2 giant frog skeletons
  An iguana (Lair:3)
  8 worker ants
  9 sheep
  A hound skeleton (D:4)
  3 mummies
  A worker ant zombie (D:8)
  20 adders
  57 river rats
  5 shadow imps
  An adder skeleton (D:8)
  3 oozes (Sewer)
  3 adder zombies
  8 worms
  6 giant geckos
  14 orcs
  4 ball pythons
  4 bat skeletons
  4 bat zombies
  8 giant cockroaches
  5 goblins
  13 hobgoblins
  5 quokkas
  2 ball python skeletons (D:4)
  14 bats
  A giant gecko skeleton (D:5)
  8 giant newts
  A goblin zombie (Ossuary)
  9 hobgoblin zombies (Ossuary)
  19 jackals
  A jackal skeleton (D:7)
  2 jackal zombies (Ossuary)
  15 kobolds
  8 kobold zombies (Ossuary)
  11 orc zombies (Ossuary)
  17 rats
  A rat zombie (Ossuary)
  A plant (Lair:2)
434 creatures vanquished.

Vanquished Creatures (others)
  A hound (D:7)
  2 bushes (Lair:4)
  A fungus (Lair:5)
  A plant (Lair:2)
5 creatures vanquished.

Grand Total: 439 creatures vanquished

Notes
Turn   | Place    | Note
--------------------------------------------------------------
     0 | D:1      | Kidiri the Spriggan Enchanter began the quest for the Orb.
     0 | D:1      | Reached XP level 1. HP: 9/9 MP: 5/5
   142 | D:1      | Reached XP level 2. HP: 13/13 MP: 6/6
   146 | D:1      | Learned a level 2 spell: Ensorcelled Hibernation
   467 | D:2      | Reached skill level 1 in Evocations
   479 | D:2      | Found an ancient bone altar of Kikubaaqudgha.
   479 | D:2      | Noticed a vampire bat
   480 | D:2      | Noticed a vampire bat
   534 | D:2      | Killed a vampire bat
   534 | D:2      | Reached XP level 3. HP: 4/17 MP: 1/8
   539 | D:2      | Learned a level 3 spell: Confuse
   543 | D:2      | Reached skill level 5 in Stealth
   543 | D:2      | Reached XP level 4. HP: 6/21 MP: 0/9
   564 | D:2      | Learned a level 3 spell: Tukima's Dance
   785 | D:2      | Killed a vampire bat
  1273 | D:2      | Found a white marble altar of Elyvilon.
  1602 | D:3      | Reached XP level 5. HP: 23/25 MP: 9/11
  1648 | D:3      | Gained mutation: You are robust (+10% HP). [potion of mutation]
  1648 | D:3      | Gained mutation: Your muscles are strong. (Str +2) [potion of mutation]
  1840 | D:3      | Noticed a moth of wrath
  1843 | D:3      | Found a bloodstained altar of Trog.
  1943 | D:3      | Noticed Sigmund
  1956 | D:3      | Killed Sigmund
  1956 | D:3      | Reached skill level 1 in Fighting
  1956 | D:3      | Reached skill level 5 in Dodging
  1956 | D:3      | Reached skill level 6 in Stealth
  1956 | D:3      | Reached skill level 1 in Ice Magic
  1956 | D:3      | Reached XP level 6. HP: 33/33 MP: 7/12
  2039 | D:3      | Learned a level 3 spell: Dazzling Spray
  2520 | D:4      | Found a burning altar of Makhleb.
  2629 | D:4      | Noticed Baka's ghost (average DsFi)
  2649 | D:4      | Reached XP level 7. HP: 34/36 MP: 3/14
  2762 | D:4      | Found a glowing drain.
  2782 | Sewer    | Entered a sewer
  3259 | Sewer    | Reached skill level 7 in Stealth
  3972 | D:4      | Found a staircase to the Ecumenical Temple.
  3988 | Temple   | Entered the Ecumenical Temple
  3993 | Temple   | Became a worshipper of Dithmenos the Shadowed
  4981 | D:4      | Killed Baka's ghost
  5044 | D:4      | Reached skill level 1 in Conjurations
  5044 | D:4      | Reached XP level 8. HP: 24/42 MP: 0/15
  5523 | D:5      | Entered Level 5 of the Dungeon
  5731 | D:5      | Gained mutation: Your mind is acute. (Int +2) [potion of mutation]
  5731 | D:5      | Gained mutation: You have very sharp teeth. [potion of mutation]
  5865 | D:5      | Reached skill level 8 in Stealth
  5878 | D:5      | Reached skill level 1 in Invocations
  6002 | D:5      | Learned a level 4 spell: Alistair's Intoxication
  6363 | D:5      | Reached skill level 5 in Hexes
  6442 | D:5      | Reached skill level 1 in Transmutations
  6608 | D:5      | Found a shattered altar of Ashenzari.
  7349 | D:6      | Noticed Menkaure
  7351 | D:6      | Noticed Grinder
  7529 | D:6      | Reached XP level 9. HP: 47/47 MP: 17/17
  7532 | D:6      | Reached skill level 9 in Stealth
  7532 | D:6      | Reached skill level 5 in Spellcasting
  7729 | D:6      | Reached skill level 5 in Short Blades
  7729 | D:6      | Reached skill level 1 in Throwing
  7729 | D:6      | Reached skill level 1 in Poison Magic
  7870 | D:6      | Killed Menkaure
  7979 | D:6      | Acquired Dithmenos's first power
  8154 | D:6      | Paralysed by Grinder for 5 turns
  8755 | D:7      | Learned a level 2 spell: Sublimation of Blood
  8823 | D:7      | Found a sand-covered staircase.
  8871 | Ossuary  | Entered an ossuary
  9452 | Ossuary  | Acquired Dithmenos's second power
  9731 | D:7      | Gained mutation: You are partially covered in iridescent scales (AC +4). [potion of mutation]
  9731 | D:7      | Gained mutation: You have an increased reservoir of magic (+10% MP). [potion of mutation]
  9732 | D:7      | Gained mutation: You can spit weak poison. [potion of mutation]
 11236 | D:8      | Reached skill level 1 in Necromancy
 11319 | D:8      | Found a staircase to the Lair.
 11761 | Lair:1   | Entered Level 1 of the Lair of Beasts
 11795 | Lair:1   | Acquired Dithmenos's third power
 11988 | Lair:1   | Reached XP level 10. HP: 26/53 MP: 21/21
 12281 | Lair:1   | Reached skill level 5 in Evocations
 12306 | Lair:1   | Reached skill level 10 in Stealth
 12911 | Lair:2   | Noticed a seven-headed hydra
 12928 | Lair:2   | Killed a seven-headed hydra
 13461 | Lair:2   | Noticed Gastronok
 13479 | Lair:2   | Killed Gastronok
 13479 | Lair:2   | Reached skill level 11 in Stealth
 13479 | Lair:2   | Reached XP level 11. HP: 21/57 MP: 14/23
 14624 | Lair:2   | Noticed an oklob plant
 14998 | Lair:3   | Reached skill level 10 in Dodging
 15072 | Lair:3   | Found a hole to the Spider Nest.
 15220 | Lair:3   | Learned a level 4 spell: Condensation Shield
 15928 | Lair:4   | Found a labyrinth entrance.
 15941 | Lab      | Entered a labyrinth
 17019 | Lab      | Noticed a minotaur
 17026 | Lab      | Killed a minotaur
 17028 | Lab      | Got a crude bone ring
 17033 | Lair:4   | Identified the ring "Lelukyps" {rElec Str+5 SInv} (You found it in a labyrinth)
 17706 | Lair:4   | Reached skill level 12 in Stealth
 17927 | Lair:4   | Noticed Urug
 17930 | Lair:4   | Killed Urug
 17930 | Lair:4   | Reached skill level 5 in Transmutations
 17930 | Lair:4   | Reached XP level 12. HP: 63/63 MP: 16/25
 17954 | Lair:4   | Noticed a seven-headed hydra
 17959 | Lair:4   | Killed a seven-headed hydra
 20172 | Lair:6   | Noticed an eight-headed hydra
 20181 | Lair:6   | Slain by an eight-headed hydra

Vault maps used:
D:1:      dpeg_arrival_simpleton_c
D:2:      kennysheep_vampire_church, lemuel_doored_altar
D:3:      tgw_trog, uniq_sigmund
D:4:      makhleb_heckhound_becter, minmay_temple_entry_butterflies,
          first_bread, portal_sewer_entry_d, serial_park_tiny_1
D:5:      evilmike_ruin_ashenzari
D:6:      uniq_menkaure, uniq_grinder
D:7:      gup_ossuary_entry_pyramid, the_bakery
D:8:      lair_0_dummy, corexii_leaking_fountain
Temple:   minmay_freezing_vapour_temple_12
Lair:2:   minmay_lair_oklob_tunnel, uniq_gastronok
Lair:3:   spider_nest_entry_webs, wad_woods_road_05, grunt_megastairs_4,
          lemuel_fruit_fields
Lair:4:   lab_entry_generic, uniq_urug
Lair:6:   swamp_mist_pool, slime_altar_2, beast_lair_carwin_7, uniq_josephine
Lab:      nicolae_lab_diamond
Sewer:    sewer_co_15_rooms
Ossuary:  ossuary_tomb_1

Action                   |  1- 3 |  4- 6 |  7- 9 | 10-12 || total
-------------------------+-------+-------+-------+-------++-------
Melee: Dagger            |    49 |   142 |   895 |   495 ||  1581
       Short sword       |       |       |    88 |   111 ||   199
 Cast: Corona            |     7 |     1 |     9 |     8 ||    25
       Ensorcelled Hiber |     4 |    16 |    74 |   116 ||   210
       Confuse           |       |     2 |    39 |    12 ||    53
       Dazzling Spray    |       |       |     3 |     1 ||     4
Invok: Shadow Step       |       |       |     1 |    14 ||    15
  Use: Scroll            |       |     6 |    18 |    13 ||    37
       Potion            |       |     3 |     5 |     2 ||    10
 Stab: Sleeping          |    13 |    23 |    78 |    96 ||   210
       Confused          |       |     2 |    20 |     5 ||    27
       Distracted        |       |     1 |     4 |     1 ||     6
  Eat: Bread ration      |       |     1 |     2 |       ||     3
       Fruit             |       |       |       |     8 ||     8
